 Dungeon Crawl Stone Soup version 0.26.1-11-gd32895ea62 (webtiles) character file.

Game seed: 8921956162241972344

3263 Glamhuggeren the Zephyrmancer (level 9, -9/62 HPs)
             Began as a White Draconian Air Elementalist on July 2, 2021.
             Was an Elder of Sif Muna.
             Killed by divine providence
             ... invoked by an orc priest
              (12 damage)
             ... on level 8 of the Dungeon.
             The game lasted 00:50:44 (10301 turns).

Glamhuggeren the Zephyrmancer (DrAE)               Turns: 10301, Time: 00:50:45

Health: -9/62      AC: 10    Str: 11    XL:     9   Next: 68%
Magic:  12/17      EV: 12    Int: 18    God:    Sif Muna [****..]
Gold:   482        SH:  0    Dex: 12    Spells: 9/19 levels left

rFire    + . .     SeeInvis .   M - +5 mace of Spite {drain, rElec Stlth+}
rCold    + . .     Faith    .   (no shield)
rNeg     . . .     Spirit   .   (armour unavailable)
rPois    .         Reflect  .   (helmet restricted)
rElec    +         Harm     .   L - +0 cloak
rCorr    .         Rampage  .   D - +0 pair of gloves
Will     +....                  G - +0 pair of boots of the Lair of Beasts {rF+} (curse)
Stlth    ++++......             b - amulet of magic regeneration
HPRegen  0.20/turn              d - ring of willpower
MPRegen  0.40/turn              z - ring of stealth

@: no status effects
A: breathe frost, unfitting armour, cold resistance 1, cold-blooded, AC +7
a: Breathe Frost, Renounce Religion, Channel Magic, Forget Spell, Divine
Exegesis


You were on level 8 of the Dungeon.
You worshipped Sif Muna.
Sif Muna was greatly pleased with you.
You visited 2 branches of the dungeon, and saw 9 of its levels.
You also visited: Ossuary.

You collected 482 gold pieces.

Inventory:

Hand Weapons
 k - a +1 hunting sling of flaming
 M - the +5 mace of Spite (weapon) {drain, rElec Stlth+}
   (You found it on level 6 of the Dungeon)

   A truly terrible weapon, it drains the life of those it strikes.
   It insulates you from electricity.
   It makes you more stealthy.
Missiles
 e - 16 atropa-tipped darts
 g - 18 boomerangs
 h - 40 poisoned darts
 j - 231 stones
 F - 6 curare-tipped darts
Armour
 D - a +0 pair of gloves (worn)
 G - the cursed +0 pair of boots of the Lair of Beasts (worn) {rF+}
   (You found it on level 7 of the Dungeon)

   It protects you from fire.
   It has a curse placed upon it.
 L - a +0 cloak (worn)
Jewellery
 b - an amulet of magic regeneration (around neck)
 d - a ring of willpower (left hand)
 f - an uncursed amulet of regeneration
 l - an uncursed ring of ice
 z - a ring of stealth (right hand)
 N - an uncursed ring of resist corrosion {unknown}
Wands
 H - a wand of flame (30)
 P - a wand of enslavement (9)
Scrolls
 a - 2 scrolls of fear {unknown}
 c - 12 scrolls of identify
 i - 9 scrolls of teleportation
 n - 7 scrolls of remove curse
 p - a scroll of enchant armour {unknown}
 q - 2 scrolls of magic mapping {unknown}
 s - 5 scrolls of immolation {unknown}
 u - 5 scrolls of amnesia {unknown}
 y - a scroll of vulnerability {unknown}
 B - a scroll of noise {unknown}
 C - 2 scrolls of blinking {unknown}
 E - 3 scrolls of enchant weapon {unknown}
 I - a scroll of silence {unknown}
 O - a scroll of brand weapon {unknown}
Potions
 m - 4 potions of curing {unknown}
 o - a potion of heal wounds {unknown}
 r - 4 potions of flight {unknown}
 t - a potion of resistance {unknown}
 v - 2 potions of mutation {unknown}
 w - a potion of berserk rage {unknown}
 x - a potion of attraction {unknown}
 A - 2 potions of might {unknown}
 J - a potion of cancellation {unknown}
 K - a potion of magic {unknown}


   Skills:
 - Level 1.7 Dodging
 - Level 1.7 Stealth
 + Level 5.5 Spellcasting
 * Level 8.2 Conjurations
 * Level 8.9 Air Magic
 + Level 4.7 Invocations


You had 9 spell levels left.
You knew the following spells:

 Your Spells              Type           Power        Failure   Level
a - Shock                 Conj/Air       100%         1%          1
b - Swiftness             Air            37%          1%          2
c - Static Discharge      Conj/Air       35%          1%          3
d - Airstrike             Air            18%          3%          4

Your spell library contained the following spells:

 Spells                   Type           Power        Failure   Level
 Lightning Bolt           Conj/Air       17%          11%         5


Dungeon Overview and Level Annotations

Branches:
Dungeon (8/15)             Temple (1/1) D:6         Ossuary (visited)
   Lair: D:8-11

Altars:
Cheibriados
Dithmenos
Elyvilon
Fedhas
Gozag
Hepliaklqana
Kikubaaqudgha
Makhleb
Nemelex Xobeh
Okawaru
Qazlal
Sif Muna
Trog
Uskayaw
Vehumet
Wu Jian
Xom
Yredelemnul
The Shining One
Jiyva

Shops:
D:5 *   D:6 [   D:7 =


Innate Abilities, Weirdness & Mutations

You can breathe waves of freezing cold.
You can buffet flying creatures when you breathe cold.
Your icy white scales are hard. (AC +7)
You cannot fit into any form of body armour.
Your flesh is cold resistant. (rC+)
You are cold-blooded and may be slowed by cold attacks.


Message History

You kill the orc!
Sif Muna accepts your kill.
The bullfrog is struck by an arc of lightning!
The bullfrog is moderately wounded.
You resist.
You are struck by an arc of lightning.
The bullfrog hits you.
The orc priest invokes the aid of Beogh against you.
Beogh smites you!
* * * LOW HITPOINT WARNING * * *
The orc hits you but does no damage.
Okay, then.
As you read the scroll of teleportation, it crumbles to dust.
You feel strangely unstable. The bullfrog barely misses you.
The orc priest closely misses you. The bullfrog hits you.
* * * LOW HITPOINT WARNING * * *
The orc hits you.
* * * LOW HITPOINT WARNING * * *
Your surroundings seem slightly different.
The orc priest invokes the aid of Beogh against you.
Beogh smites you!
You die...

....)###......##...........
......#####..###..........#
........#..).........###..
......................# ##
.............##.......# ..##..
.#....................# ....>.
##....................##.......
#...........#.........#....F..
##.##......####@..............
####.....###.#...F.).##......
##..........#...o.......#.
#........#....##.W.....##
...#.......###...##.o..####
.......<<...#..........#
#..).......###......##.#
..#................##..#
#.##.##.......... ...


You could see a phantom, a bullfrog, an orc priest and an orc.

Vanquished Creatures
  A spriggan (D:7)
  A water moccasin (D:5)
  An orc warrior (D:8)
  2 sky beasts (D:6)
  A phantom (D:4)
  An ice beast (D:6)
  2 ogres
  A big kobold (D:8)
  An elf zombie (D:4)
  4 bullfrogs
  3 elf skeletons (D:4)
  A water moccasin zombie (Ossuary)
  4 scorpions
  4 wights (D:7)
  2 howler monkeys
  A centaur zombie (D:8)
  3 bullfrog zombies
  A hound (D:5)
  A jelly (D:8)
  2 orc priests (D:6)
  Crazy Yiuf (D:6)
  An iguana (D:7)
  Terence (D:2)
  3 human skeletons (D:4)
  6 orc wizards
  3 worker ants
  A killer bee zombie (Ossuary)
  2 hound zombies
  17 mummies (Ossuary)
  3 gnolls (D:4)
  A howler monkey skeleton (D:6)
  A howler monkey zombie (Ossuary)
  12 adders
  A shadow imp (D:7)
  3 white imps
  3 ufetubi
  An ooze (D:2)
  3 adder zombies (Ossuary)
  An adder skeleton (D:4)
  2 worms
  A dart slug (D:2)
  2 leopard geckos
  27 orcs
  A ball python (D:4)
  4 bats
  4 giant cockroaches
  5 goblins
  14 hobgoblins
  9 jackals
  5 quokkas
  4 frilled lizards
  17 kobolds
  A leopard gecko skeleton (D:8)
  A leopard gecko zombie (Ossuary)
  An orc skeleton (D:4)
  3 orc zombies (D:4)
  A quokka skeleton (D:7)
  7 rats
210 creatures vanquished.

Vanquished Creatures (others)
  A centaur (D:6)
  A jelly (D:6)
  A bat (D:3)
  2 plants (D:1)
  7 withered plants (Ossuary)
12 creatures vanquished.

Grand Total: 222 creatures vanquished

Notes
Turn   | Place    | Note
-------+----------+-------------------------------------------
     0 | D:1      | Glamhuggeren the Draconian Air Elementalist began the quest
                  | for the Orb.
     0 | D:1      | Reached XP level 1. HP: 14/14 MP: 3/3
   626 | D:1      | Reached XP level 2. HP: 12/20 MP: 0/5
  1724 | D:2      | Reached XP level 3. HP: 21/26 MP: 3/6
  2025 | D:2      | Noticed Terence
  2051 | D:2      | HP: 1/26 [Terence/+0 short sword (2)]
  2053 | D:2      | Killed Terence
  2403 | D:2      | Reached XP level 4. HP: 19/33 MP: 0/7
  2562 | D:2      | Found a shimmering blue altar of Sif Muna.
  2562 | D:2      | Found an ornate altar of the Wu Jian Council.
  2563 | D:2      | Found a glowing golden altar of the Shining One.
  2610 | D:2      | Found a shadowy altar of Dithmenos.
  2887 | D:3      | Found a radiant altar of Vehumet.
  3338 | D:3      | Learned a level 2 spell: Swiftness
  3356 | D:2      | Found an ancient bone altar of Kikubaaqudgha.
  3367 | D:2      | Became a worshipper of Sif Muna the Loreminder
  3523 | D:3      | Reached XP level 5. HP: 38/38 MP: 5/9
  4040 | D:4      | Found a hide-covered altar of Uskayaw.
  4124 | D:4      | Learned a level 3 spell: Static Discharge
  4129 | D:4      | Found a sand-covered staircase.
  4142 | D:4      | Reached skill level 5 in Air Magic
  4142 | D:4      | Reached XP level 6. HP: 30/45 MP: 1/10
  4178 | Ossuary  | Entered an ossuary
  4359 | Ossuary  | Reached * piety under Sif Muna
  4415 | Ossuary  | Your scales start taking on an icy white colour.
  4415 | Ossuary  | Reached XP level 7. HP: 50/50 MP: 9/12
  4415 | Ossuary  | Gained mutation: Your flesh is cold resistant. (rC+) [White
                  | Draconian growth]
  4541 | Ossuary  | Reached skill level 5 in Conjurations
  4569 | Ossuary  | Reached skill level 1 in Invocations
  4966 | D:4      | Reached XP level 8. HP: 47/57 MP: 5/14
  5029 | D:4      | Reached ** piety under Sif Muna
  5630 | D:4      | Learned a level 4 spell: Airstrike
  6072 | D:5      | Entered Level 5 of the Dungeon
  6072 | D:5      | Found Jefolil's Lightly-Used Armoury.
  7466 | D:6      | Found a staircase to the Ecumenical Temple.
  7479 | Temple   | Entered the Ecumenical Temple
  7672 | D:6      | Found a runed translucent door.
  7673 | D:6      | Noticed Crazy Yiuf
  7679 | D:6      | Killed Crazy Yiuf
  7692 | D:6      | Got a scorched mace
  7693 | D:6      | Identified the +5 mace of Spite {drain, rElec Stlth+} (You
                  | found it on level 6 of the Dungeon)
  7722 | D:6      | Reached *** piety under Sif Muna
  7777 | D:6      | Reached XP level 9. HP: 62/62 MP: 12/16
  7872 | D:6      | Found Seikhlung's Armour Shoppe.
  8336 | D:6      | Reached skill level 5 in Spellcasting
  9099 | D:7      | Found a blossoming altar of Fedhas.
  9258 | D:7      | Got a pair of fine boots
  9269 | D:7      | Identified the cursed +0 pair of boots of the Lair of
                  | Beasts {rF+} (You found it on level 7 of the Dungeon)
  9564 | D:7      | Found a shimmering altar of Xom.
  9740 | D:7      | Found Miynuqe's Jewellery Shoppe.
  9995 | D:8      | Reached **** piety under Sif Muna
 10298 | D:8      | HP: 2/62 [orc (4)]
 10301 | D:8      | Killed from afar by an orc priest

Illustrated notes

Levels and vault maps discovered:
D:1:      dpeg_arrival_tiny_h, layout_basic, serial_forest,
          infiniplex_forest_diagonal, infiniplex_forest_side_room,
          infiniplex_forest_lined_room_, infiniplex_forest_straight_2,
          infiniplex_forest_lined_3, infiniplex_forest_clump_tiny,
          infiniplex_forest_corner_2, kennysheep_decorative_pillar,
          grunt_decor_clamped
D:2:      layout_loops_cross, nicolae_overflow_hidden_temple,
          minmay_misc_feat_roman, grunt_decor_resistance, uniq_terence
D:3:      layout_loops_ring, fiery_altar_vehumet
D:4:      corexii_shantytown, layout_basic, nicolae_overflow_crystal_walls,
          nicolae_ossuary_entry_catacombs
D:5:      layout_cave_pods, kennysheep_diamond, minmay_shop_damaged
D:6:      layout_basic, minmay_temple_entry_proselytizer, serial_shops, shop,
          lemuel_flame_loot_1, uniq_crazy_yiuf_cottage
D:7:      layout_rooms, tgw_xom, basic_altar, serial_shops, nicolae_shop_stone,
          the_bakery
D:8:      layout_cave_pools, uniq_grum, uniq_harold, uniq_psyche
Temple:   pf_slimified_temple

Skill      XL: |  1  2  3  4  5  6  7  8  9 |
---------------+----------------------------+-----
Conjurations   | 2 3 4 5 7 8 |  8.2
Air Magic      | 4 5 6 7 8 |  8.9
Spellcasting   | 3 4 5 |  5.5
Invocations    | 1 3 4 |  4.7
Dodging        | |  1.7
Stealth        | |  1.7

Action                   |  1- 3 |  4- 6 |  7- 9 || total
-------------------------+-------+-------+-------++-------
Melee: Unarmed           |    28 |       |       ||    28
       Short sword       |       |       |     4 ||     4
       Mace              |       |       |    21 ||    21
       Dagger            |       |       |     3 ||     3
       Tailslap          |       |       |     3 ||     3
 Fire: Hunting sling     |       |     6 |    30 ||    36
Throw: Dart              |     6 |       |       ||     6
 Cast: Shock             |    68 |   156 |   437 ||   661
       Airstrike         |       |       |    10 ||    10
       Static Discharge  |       |       |     4 ||     4
       Swiftness         |       |       |     1 ||     1
 Abil: Breathe Frost     |       |       |     3 ||     3
  Use: Scroll            |       |     3 |     2 ||     5
Armor: Skin              |    19 |    14 |    79 ||   112
Dodge: Dodged            |    32 |    42 |    95 ||   169
